AoeStats
← UrgedAsp3757

Golden Pit

508024051Analyzed
1v1 RM · 11d ago on Sep 20, 2026· 28m 59s· 2 players
Game mode
Random Map
Map size
Tiny (2 player)
Population
200
Speed
Normal
Resources
Standard
Victory
Conquest
Starting age
Dark Age
Ending age
Imperial Age
RankedLock teamsTeams togetherTeam positionsShared explorationLock speedFull tech treeHidden civsTurbo modeCheats
Victory
Defeat
🇨🇴 Burgundians · Colombia
640
+16
🇨🇿 Franks · Czechia
637
-34
sirJBV
10:03 Feudal Age
10:04 Loom
10:08 Loom
10:41 Double-Bit Axe
11:56 Wheelbarrow
13:26 Town Watch
20:39 Castle Age
20:36 Stone Mining
20:43 Gold Mining
21:39 Bow Saw
23:40 Hand Cart
UrgedAsp3757
11:24 Feudal Age
10:42 Double-Bit Axe
11:30 Horse Collar
13:01 Heavy Plow
13:48 Wheelbarrow
20:50 Castle Age
19:14 Gold Mining
20:15 Bow Saw
20:54 Stone Mining
21:11 Fletching
22:31 Forging
23:54 Hand Cart
24:20 Scale Mail Armor
25:35 Gold Shaft Mining
25:13 Pikeman
26:45 Town Watch
Connection lost

Rejoining the realm…

Still unreachable

The connection could not be restored.

Session expired

The server has moved on; the page needs a fresh start.